 Dungeon Crawl Stone Soup version 0.30-a0-778-g2ef04afb54 (webtiles) character file.

Game seed: 6923699707027162198

25 sircluck the Chopper (level 3, -1/33 HPs)
             Began as a Hill Orc Chaos Knight on Feb 15, 2023.
             Was a Plaything of Xom.
             Succumbed to their own poison gas
             ... on level 1 of the Dungeon.
             The game lasted 00:01:14 (708 turns).

sircluck the Chopper (Hill Orc Chaos Knight)         Turns: 708, Time: 00:01:14

Health: -1/33      AC:  5    Str: 16    XL:     3   Next: 4%
Magic:  3/3        EV: 11    Int: 12    God:    Xom [..*...]
Gold:   38         SH:  0    Dex: 10    Spells: 2/2 levels left

rFire   . . .      SeeInvis .    a - +0 hand axe (chaos)
rCold   . . .      Faith    .    (no shield)
rNeg    . . .      Spirit   .    b - +2 leather armour
rPois   .          Reflect  .    (no helmet)
rElec   .          Harm     .    (no cloak)
rCorr   .          Rampage  .    (no gloves)
Will    .....                    (no boots)
Stlth   +                        (no amulet)
HPRegen 0.25/turn                (no ring)
MPRegen 0.08/turn                (no ring)

@: lethally poisoned (-1 -> -46)
A: no striking features
a: Renounce Religion


You were on level 1 of the Dungeon.
You worshipped Xom.
You were a toy of Xom.
You visited 1 branch of the dungeon, and saw 1 of its levels.

You collected 38 gold pieces.

Inventory:

Hand Weapons
 a - a +0 hand axe of chaos (weapon)
Armour
 b - a +2 leather armour (worn)
Scrolls
 e - a scroll of enchant weapon {unknown}
 f - a scroll of teleportation {unknown}
 h - a scroll of amnesia {unknown}
 j - a scroll of immolation {unknown}
 k - 2 scrolls of noise
Potions
 i - 3 potions of haste
Miscellaneous
 c - a piece from Xom's chessboard (15/15) (quivered)


   Skills:
 + Level 4.0 Fighting
 + Level 4.8 Axes
 + Level 2.5 Armour
 + Level 0.9 Dodging


You had 2 spell levels left.
You didn't know any spells.
Your spell library contained the following spells:

 Spells                   Type           Power      Damage    Failure   Level
 Dazzling Flash           Conj/Hex       0%         N/A       75%         3
 Agony                    Necr           0%         N/A       100%        5
 Silence                  Hex/Air        0%         N/A       100%        5


Dungeon Overview and Level Annotations

Branches:
Dungeon (1/15)

Altars:


Message History

You closely miss the goblin.
The goblin is severely wounded.
You kill the goblin!
Your Fighting skill increases to level 4!
No target in view!
No target in view!
No target in view!
No target in view!
No target in view!
No target in view!
No target in view!
No target in view!
No target in view!
Done exploring.
Done exploring.
Done exploring.
Done exploring.
Done exploring.
As you read the scroll labelled OGAATY KUNNAOL, it crumbles to dust.
It is a scroll of identify.
k - 2 scrolls of noise
As you read the scroll of identify, it crumbles to dust.
i - 3 potions of haste The air fills with toxic fumes!
As you read the scroll labelled KILENN AR UCZI, it crumbles to dust.
It was a scroll of poison.
Really walk into that cloud of poison gas?
You are engulfed in poison gas.
You are poisoned.
You feel very sick.
You are engulfed in poison gas.
You are lethally poisoned!
You feel very sick.
You are engulfed in poison gas.
You are more poisoned.
You feel extremely sick.
You are engulfed in poison gas.
You are more poisoned.
* * * LOW HITPOINT WARNING * * *
You die...
Xom is highly amused!

#.........##.....#.#
#........###.#####.#
####....###.##..[...#.#
...###'#..#.##..#†#.#.#
##...#.#..#.##..#.#.#.#
###.#.#.)..##..###.#.#
#.#.#............#.#
#.#.#....#########§#
#.#.#....+§§§@§§§.§#
#>..#....###########
#.###....# #..##)...#
#####.##....#
....#.##....#
....#..#....#
###'##.#....# #
#..#.#....#


There were no monsters in sight!

Vanquished Creatures
  2 endoplasms (D:1)
  6 goblins (D:1)
  A hobgoblin (D:1)
  2 jackals (D:1)
  2 kobolds (D:1)
  A quokka (D:1)
  4 bats (D:1)
  3 frilled lizards (D:1)
  3 rats (D:1)
24 creatures vanquished.

Notes
Turn   | Place    | Note
-------+----------+-------------------------------------------
     0 | D:1      | sircluck the Hill Orc Chaos Knight began the quest for the
                  | Orb.
     0 | D:1      | Reached XP level 1. HP: 19/19 MP: 1/1
   162 | D:1      | Reached XP level 2. HP: 24/26 MP: 2/2
   316 | D:1      | XOM: 2-stop teleportation journey
   683 | D:1      | Reached XP level 3. HP: 33/33 MP: 3/3
   708 | D:1      | Succumbed to their own poison gas

Illustrated notes

Levels and vault maps discovered:
D:1:      beargit_arrival_diablo_church, layout_basic

Skill      XL: |  1  2  3 |
---------------+----------+-----
Fighting       | 4 |  4.0
Axes           | |  4.8
Armour         | |  2.5
Dodging        | |  0.9

Action                     || total
---------------------------++-------
  Melee: Hand axe          ||    75
         Punch             ||     1
    Use: Scroll            ||     3
   Stab: Confused          ||     1
 Armour: Leather armour    ||    32
  Dodge: Dodged            ||    48

Table legend: (Time is in decaauts)
 A = Elapsed time spent in this place.
 B = Non-inter-level travel time spent in this place.
 C = Inter-level travel time spent in this place.
 D = Time resting spent in this place.
 E = Time spent auto-exploring this place.
 F = Levels seen in this place.
 G = Mean time per level.
                   A        B        C        D        E       F      G
               +--------+--------+--------+--------+--------+-----+--------+
         Total |    714 |    714 |      0 |      0 |    547 |   1 |  714.0 |
       Dungeon |    714 |    714 |      0 |      0 |    547 |   1 |  714.0 |
               +--------+--------+--------+--------+--------+-----+--------+

Top non-repeatable levels by time:
     D:1: 714 daAuts
